 Dungeon Crawl Stone Soup version 0.29.1-4-g47bece8355 (webtiles) character file.

Game seed: 8273329986233500583

349 p00ps00p the Trooper (level 6, -4/56 HPs)
             Began as a Hill Orc Fighter on Dec 3, 2022.
             Slain by Pikel
             ... wielding a +1 whip of freezing
              (6 damage)
             ... on level 4 of the Dungeon.
             The game lasted 00:07:00 (3518 turns).

p00ps00p the Trooper (Hill Orc Fighter)             Turns: 3518, Time: 00:07:01

Health: -4/56      AC:  9    Str: 24    XL:     6   Next: 60%
Magic:  6/6        EV:  6    Int:  8    God:
Gold:   167        SH:  5    Dex: 16    Spells: 5/5 levels left

rFire   . . .      SeeInvis .   o - +1 war axe (elec)
rCold   . . .      Faith    +   c - +0 buckler
rNeg    . . .      Spirit   .   b - +0 scale mail
rPois   .          Reflect  .   g - +0 helmet
rElec   .          Harm     .   (no cloak)
rCorr   .          Rampage  .   (no gloves)
Will    +....                   t - +0 pair of boots
Stlth   ..........              l - amulet "Elug" {Faith Drain Will+ Str+3}
HPRegen 0.18/turn               e - +6 ring of dexterity
MPRegen 0.10/turn               (no ring)

@: about to teleport, grasped by roots, constricted
A: no striking features
a: no special abilities


You were on level 4 of the Dungeon.
You visited 1 branch of the dungeon, and saw 4 of its levels.

You collected 167 gold pieces.

Inventory:

Hand Weapons
 a - a +0 war axe
 o - a +1 war axe of electrocution (weapon)
Armour
 b - a +0 scale mail (worn)
 c - a +0 buckler (worn)
 g - a +0 helmet (worn)
 t - a +0 pair of boots (worn)
Jewellery
 e - a +6 ring of dexterity (left hand)
 l - the amulet "Elug" (around neck) {Faith Drain Will+ Str+3}
   (You acquired it on level 4 of the Dungeon)

   [amulet of faith]

   It allows you to gain divine favour quickly.
   Str:       It affects your strength (+3).
   Drain:     It drains your maximum health when unequipped.
   Will:      It increases your willpower.
 p - an amulet of regeneration
Wands
 s - a wand of quicksilver (6)
Scrolls
 h - a scroll of noise
 n - a scroll of fear
Potions
 d - a potion of might
 f - 2 potions of curing
 j - a potion of attraction {unknown}
 k - a potion of heal wounds {unknown}
 m - a potion of cancellation {unknown}
 q - a potion of brilliance {unknown}
 r - a potion of degeneration {unknown}


   Skills:
 + Level 5.3 Fighting
 + Level 5.0 Axes
 + Level 4.8 Armour
 + Level 4.8 Shields


You had 5 spell levels left.
You didn't know any spells.
Your spell library contained the following spells:

 Spells                   Type           Power      Damage    Failure   Level
 Sting                    Tmut/Pois      0%         1d3       78%         1
 Poisonous Vapours        Pois/Air       0%         N/A       89%         2
 Corpse Rot               Necr/Pois/Air  0%         N/A       100%        4
 Olgreb's Toxic Radiance  Pois           0%         N/A       100%        4


Dungeon Overview and Level Annotations

Branches:
Dungeon (4/15)
 Temple: D:4-7

Altars:
Dithmenos
Elyvilon

Annotations:
D:4 Pikel


Message History

The grasping roots grab you!
Pikel is unaffected.
The grasping roots constrict you.
A lemure comes into view.
The lemure completely misses you. The lemure hits you.
The grasping roots constrict you.
The lemure moves out of view.
The adder hisses angrily.
You hear a shout!
You hit the lemure but do no damage. Lightning courses through the lemure!
The lemure is heavily wounded.
You hit Pikel but do no damage. Pikel hits you but does no damage.
The grasping roots constrict you. The lemure hits you!
You slash the lemure!
The lemure is severely wounded.
You hit Pikel but do no damage. You hit the lemure but do no damage.
Lightning courses through the lemure!
Pikel hits you with a +1 whip of freezing.
Pikel freezes you. The grasping roots constrict you!
The lemure barely misses you.
The grasping roots release their grip on you.
You hit the lemure. Lightning courses through the lemure!
You kill the lemure!
That felt strangely unrewarding.
You hit Pikel. You hit the lemure. Lightning courses through the lemure!
You kill the lemure!
That felt strangely unrewarding.
Pikel zaps a wand.
The roots erupt in riotous growth!
The grasping roots grab you!
Pikel is unaffected.
The grasping roots constrict you.
Pikel hits you with a +1 whip of freezing!
* * * LOW HITPOINT WARNING * * *
Pikel freezes you.
* * * LOW HITPOINT WARNING * * *
The grasping roots constrict you.
* * * LOW HITPOINT WARNING * * *
The lemure hits you but does no damage.
You hear a bark!
As you read the scroll of teleportation, it crumbles to dust.
You feel strangely unstable. The lemure hits you.
* * * LOW HITPOINT WARNING * * *
Pikel hits you with a +1 whip of freezing.
You die...

##....##.#####
#..
#............#
#..
#.###.###..#.####
#.. #. #.#
##......# #.. #
#.# ###.##...#
#.. #.######.#
..# ###
..##.....# # #
######...# #
.......@# #
.#####S5K.....?
##.####### .5#
..) #... #...
#....


You could see Pikel, 2 lemures and an adder.

Vanquished Creatures
  2 lemures (D:4)
  A phantom (D:4)
  An orc priest (D:4)
  2 orc wizards
  Natasha (twice) (D:3)
  An iguana (D:3)
  Robin (D:3)
  2 adders
  2 worms
  7 orcs
  3 ball pythons
  5 endoplasms
  A giant cockroach (D:1)
  18 goblins
  10 hobgoblins
  A jackal (D:1)
  2 quokkas (D:1)
  5 bats
  5 frilled lizards
  7 kobolds
  5 rats
83 creatures vanquished.

Notes
Turn   | Place    | Note
-------+----------+-------------------------------------------
     0 | D:1      | p00ps00p the Hill Orc Fighter began the quest for the Orb.
     0 | D:1      | Reached XP level 1. HP: 19/19 MP: 1/1
   194 | D:1      | Reached XP level 2. HP: 24/27 MP: 2/2
   816 | D:1      | Reached XP level 3. HP: 28/33 MP: 3/3
  1565 | D:2      | Reached XP level 4. HP: 16/41 MP: 4/4
  2163 | D:3      | Noticed Natasha
  2167 | D:3      | Killed Natasha
  2282 | D:3      | Reached XP level 5. HP: 47/47 MP: 5/5
  2288 | D:3      | Noticed Robin
  2306 | D:3      | Killed Robin
  2819 | D:3      | Noticed Natasha
  2824 | D:3      | Killed Natasha
  2885 | D:3      | Found a shadowy altar of Dithmenos.
  2886 | D:3      | Found a white marble altar of Elyvilon.
  3284 | D:4      | Reached skill level 5 in Fighting
  3284 | D:4      | Reached XP level 6. HP: 40/56 MP: 6/6
  3295 | D:4      | Reached skill level 5 in Axes
  3419 | D:4      | Identified a scroll of acquirement
  3419 | D:4      | Acquired the amulet "Elug" {Faith Drain Will+ Str+3}
  3511 | D:4      | Noticed Pikel
  3518 | D:4      | HP: 2/56 [lemure[Pikel] (4)]
  3518 | D:4      | Slain by Pikel

Illustrated notes

Levels and vault maps discovered:
D:1:      onia_arrival_pentagram, layout_loops_cross, minmay_tromino_v7
D:2:      layout_basic
D:3:      layout_basic, chequers_temple_overflow_statue_of_worship,
          saegor_snake_ambush, uniq_natasha, uniq_robin
D:4:      layout_basic, sigmund_edmund_badplayer, uniq_pikel

Skill      XL: |  1  2  3  4  5  6 |
---------------+-------------------+-----
Axes           | 3 4 5 |  5.0
Fighting       | 4 5 |  5.3
Armour         | 4 |  4.8
Shields        | 4 |  4.8

Action                   |  1- 3 |  4- 6 || total
-------------------------+-------+-------++-------
Melee: War axe           |   114 |    91 ||   205
  Use: Scroll            |     2 |     6 ||     8
Armor: Scale mail        |    79 |    35 ||   114
Dodge: Dodged            |    60 |    36 ||    96
Block: Buckler           |    28 |    28 ||    56
